 Dungeon Crawl Stone Soup version 0.32-a0-868-g153ae1a8d6 (console) character file.

Game seed: 13639576771826686131

310 sychorax the Insei (level 6, -2/42 HPs)
             Began as an Octopode Earth Elementalist on Mar 28, 2024.
             Slain by an orc wizard
             ... wielding a +0 dagger
              (3 damage)
             ... on level 4 of the Dungeon.
             The game lasted 00:03:41 (3101 turns).

sychorax the Insei (Octopode Earth Elementalist)    Turns: 3101, Time: 00:03:42

Health: -2/42      AC:  1    Str:  9    XL:     6   Next: 41%
Magic:  2/10       EV: 12    Int: 17    God:
Gold:   212        SH:  5    Dex: 13    Spells: 4/11 levels left

rFire   + .          .
                       - Unarmed
rCold   . . .        (no shield)
rNeg    . . .        (helmet restricted)
rPois   .            d - amulet of reflection
rElec   .            n - ring of protection from fire
rCorr   .            (no ring)
SInv    .            (no ring)
Will    .....        (no ring)
Stlth   +++          (no ring)
HPRegen 0.27/turn    (no ring)
MPRegen 0.12/turn    (no ring)
                     (no ring)

%: reflection
@: no status effects
A: almost no armour, amphibious, 8 rings, camouflage 1, gelatinous body 1,
(nimble swimmer 1), tentacles
a: no special abilities


You were on level 4 of the Dungeon.
You visited 1 branch of the dungeon, and saw 4 of its levels.

You collected 212 gold pieces.

Inventory:

Jewellery
 d - an amulet of reflection (around mantle)
 n - a ring of protection from fire (left tentacle)
Wands
 q - a wand of quicksilver (2)
Scrolls
 k - a scroll of poison {unknown}
 l - a scroll of silence {unknown}
 p - a scroll of enchant weapon {unknown}
 r - a scroll of noise {unknown}
 s - a scroll of amnesia {unknown}
Potions
 a - 3 potions of magic
 c - 2 potions of cancellation {unknown}
 e - a potion of brilliance
 f - 2 potions of haste
 g - a potion of resistance
 i - a potion of attraction
 j - a potion of invisibility
 m - a potion of might {unknown}
 o - a potion of lignification {unknown}


   Skills:
 + Level 3.1 Fighting
 - Level 2.0 Dodging
 - Level 2.8 Stealth
 + Level 4.2 Unarmed Combat
 - Level 3.0 Spellcasting
 - Level 1.0 Conjurations
 - Level 3.0 Earth Magic


You had 4 spell levels left.
You knew the following spells:

 Your Spells              Type           Power      Damage    Failure   Level
a - Sandblast             Erth           24%        2d8       4%          1
b - Stone Arrow           Conj/Erth      18%        3d8       22%         3
c - Passwall              Erth           12%        N/A       16%         3

Your spell library contained the following spells:

 Spells                   Type           Power      Damage    Failure   Level
 Necrotise                Necr           8%         1d4       17%         1
 Inner Flame              Hex/Fire       2%         N/A       45%         3
 Vampiric Draining        Necr           2%         2d6       45%         3
 Brom's Barrelling Bould  Conj/Erth      9%         2d3       58%         4
 Petrify                  Alch/Erth      7%         N/A       67%         4
 Martyr's Knell           Necr/Summ      2%         N/A       86%         4
 Irradiate                Conj/Alch      2%         3d12      98%         5
 Curse of Agony           Necr           2%         N/A       99%         5
 Summon Forest            Summ/Tloc      1%         N/A       99%         5
 Summon Mana Viper        Hex/Summ       2%         N/A       99%         5
 Summon Cactus Giant      Summ           1%         N/A       100%        6
 Ignition                 Fire           1%         3d3       100%        8


Dungeon Overview and Level Annotations

Branches:
Dungeon (4/15)             Temple (0/1) D:4

Altars:
Yredelemnul


Innate Abilities, Weirdness & Mutations

You cannot wear most types of armour.
You are amphibious.
You can wear up to eight rings at the same time.
Your skin changes colour to match your surroundings (Stealth+).
Your rubbery body absorbs attacks. (AC +1, EV +1)
((You are camouflaged when in or above water. (Stealth+)))
You have tentacles for arms and can constrict up to eight enemies at once.


Message History

Okay, then.
Aiming: Quicksilver Bolt
Press: ? - help, Shift-Dir - straight line, f - orc wizard
Aim: an orc wizard, wielding a +0 dagger and wearing a +0 robe (64% to hit)
The bolt of dispelling energy hits the orc wizard!
The orc wizard is severely wounded.
The bolt of dispelling energy hits the orc!!
You kill the orc!
Something hits you.
* * * LOW HITPOINT WARNING * * *
Your magical contamination has completely faded away.
Aiming: Quicksilver Bolt
Press: ? - help, Shift-Dir - straight line, f/p - orc wizard
Aim: an orc wizard, wielding a +0 dagger and wearing a +0 robe (severely wounded, 64% to hit)
The bolt of dispelling energy hits the orc wizard!
You kill the orc wizard!
Something hits you.
* * * LOW HITPOINT WARNING * * *
Unknown command.
There is a strange disturbance nearby!
You feel better. Something hits you.
* * * LOW HITPOINT WARNING * * *
Aiming: Quicksilver Bolt
Press: ? - help, Shift-Dir - straight line Something hits you but does no damage.
Unknown command.
Aiming: Quicksilver Bolt
Press: ? - help, Shift-Dir - straight line Something hits you.
* * * LOW HITPOINT WARNING * * *
Unknown command.
Aiming: Quicksilver Bolt
Press: ? - help, Shift-Dir - straight line Something hits you.
* * * LOW HITPOINT WARNING * * *
Unknown command.
Aiming: Quicksilver Bolt
Press: ? - help, Shift-Dir - straight line Something hits you.
You die...

####### #####.....# ..........#
........# #.#.....####.
#.o.......... #####).......
#)#####:. #)## #@{# ##)##.. .#
#.##.# .# #.##.# .# #.##.# .#
#.##.# ### .# #.##.# #.. .#
#.##.# #.# .######## ##.##)# #.#
........########.#.#.# #.#
.###............###..####.####.#


There were no monsters in sight!

Vanquished Creatures
  A weeping skull (D:3)
  2 jellies
  An orc wizard (D:4)
  An iguana (D:4)
  4 gnolls (D:4)
  3 adders
  A dart slug (D:3)
  A ribbon worm (D:2)
  3 orcs (D:4)
  3 ball pythons
  6 bats
  5 endoplasms
  3 giant cockroaches
  6 goblins
  8 hobgoblins
  2 kobolds
  3 quokkas
  4 frilled lizards (D:2)
  A spectral orc (D:3)
58 creatures vanquished.

Notes
Turn   | Place    | Note
-------+----------+-------------------------------------------
     0 | D:1      | sychorax the Octopode Earth Elementalist began the quest
                  | for the Orb.
     0 | D:1      | Reached XP level 1. HP: 11/11 MP: 3/3
   371 | D:1      | Reached skill level 1 in Unarmed Combat
   371 | D:1      | Reached XP level 2. HP: 17/17 MP: 3/5
  1074 | D:2      | Reached XP level 3. HP: 17/21 MP: 4/6
  1080 | D:2      | Reached skill level 2 in Unarmed Combat
  1461 | D:2      | Learned a level 3 spell: Stone Arrow
  1924 | D:3      | Reached XP level 4. HP: 27/27 MP: 5/8
  2168 | D:3      | Reached skill level 1 in Fighting
  2269 | D:3      | Reached skill level 3 in Unarmed Combat
  2654 | D:3      | Found a basalt altar of Yredelemnul.
  2654 | D:3      | Noticed a weeping skull
  2669 | D:3      | Killed a weeping skull
  2670 | D:3      | Reached XP level 5. HP: 34/34 MP: 9/9
  2674 | D:3      | Learned a level 3 spell: Passwall
  2716 | D:4      | Found a staircase to the Ecumenical Temple.
  2912 | D:4      | Reached XP level 6. HP: 41/41 MP: 7/10
  2990 | D:4      | Reached skill level 4 in Unarmed Combat
  3100 | D:4      | HP: 1/42 [something (4)]
  3101 | D:4      | Slain by an orc wizard

Illustrated notes

Levels and vault maps discovered:
D:1:      dpeg_arrival_rhombus, layout_basic
D:2:      layout_basic, item_on_display_a
D:3:      layout_loops_ring, yredelemnul_forgotten_temple_becter
D:4:      layout_loops_ring, nicolae_overflow_two_pavilions, temple_fountains,
          gammafunk_ghost_nasty_kobolds, minmay_crossroads

Skill      XL: |  1  2  3  4  5  6 |
---------------+-------------------+-----
Unarmed Combat | 1 2 3 4 |  4.2
Spellcasting   | 3 |  3.0
Fighting       | 2 3 |  3.1
Dodging        | |  2.0
Stealth        | |  2.8
Conjurations   | |  1.0
Earth Magic    | |  3.0

Action                     |  1- 3 |  4- 6 || total
---------------------------+-------+-------++-------
  Melee: Unarmed           |    35 |    41 ||    76
         Punch             |     1 |     3 ||     4
         Constrict         |     8 |    17 ||    25
         Tentacles         |     5 |    14 ||    19
   Cast: Sandblast         |    25 |    20 ||    45
         Stone Arrow       |       |     1 ||     1
  Evoke: Wand              |       |     6 ||     6
    Use: Scroll            |       |     7 ||     7
         Potion            |       |     1 ||     1
   Stab: Sleeping          |     4 |     3 ||     7
 Armour: Skin              |    17 |    29 ||    46
  Dodge: Dodged            |    20 |    20 ||    40
  Block: Other             |    10 |    14 ||    24

Table legend: (Time is in decaauts)
 A = Elapsed time spent in this place.
 B = Non-inter-level travel time spent in this place.
 C = Inter-level travel time spent in this place.
 D = Time resting spent in this place.
 E = Time spent auto-exploring this place.
 F = Levels seen in this place.
 G = Mean time per level.
                   A        B        C        D        E       F      G
               +--------+--------+--------+--------+--------+-----+--------+
         Total |   3119 |   3052 |     67 |      3 |   2606 |   4 |  779.8 |
       Dungeon |   3119 |   3052 |     67 |      3 |   2606 |   4 |  779.8 |
               +--------+--------+--------+--------+--------+-----+--------+

Top non-repeatable levels by time:
     D:2: 1231 daAuts
     D:3: 817 daAuts
     D:1: 682 daAuts
     D:4: 388 daAuts
